Map: Lerilak Crest

Players

AcerBly (Bly) - Winner!

  • Race: Zerg Zerg

iGXiGua (XiGua)

  • Race: Zerg Zerg

Event: NationWars III

VOD

Have the link to the VOD?

Description

Time

  • Played on: Dec. 3, 2015, 5:52 p.m.
  • Length: 5:22

All games in this series

Show
View Real Time Build Order
Export as new Build Order

AcerBly Zerg - Winner!

Build Orders: Pool Only, Zergling Baneling 

Get SALT Encoding   

  12  0:01  Drone  
  13  0:11  Drone  
  13  0:14  Extractor  
  13  0:28  Spawning Pool  
  13  0:32  Drone  
  13  0:39  Drone  
  14  0:46  Extractor  
  14  0:47  Drone  
  15  0:55  Overlord  
  15  1:15  Queen  
  15  1:16  Metabolic Boost  
  17  1:21  Zergling x2  
  18  1:25  Zergling x2  
  18  1:30  Zergling x2  
  20  1:42  Baneling Nest  
  19  1:48  Zergling x4  
  21  1:56  Overlord  
  21  2:07  Zergling x2  
  22  2:19  Zergling x2  
  23  2:24  Zergling x6  
  23  2:25  Baneling  
  23  2:26  Baneling x3  
  26  2:31  Zergling x2  
  27  2:42  Zergling x2  
  27  2:43  Baneling  
  25  3:02  Zergling x8  
  28  3:19  Zergling x2  
  26  3:25  Zergling x2  
  25  3:35  Zergling x8  
  25  3:39  Baneling  
  25  3:40  Baneling x2  
  29  3:47  Zergling x2  
  26  3:56  Baneling x2  
  26  3:59  Zergling x2  
  26  4:06  Zergling x6  
  29  4:10  Baneling x2  
  24  4:28  Zergling x4  
  25  4:34  Zergling x2  
  25  4:35  Baneling x2  
  25  4:36  Baneling  
  25  4:43  Baneling  
  25  4:44  Zergling x4  
  25  4:45  Zergling x2  
  27  4:54  Zergling x2  
  28  5:01  Baneling x2  
Show
View Real Time Build Order
Export as new Build Order

iGXiGua Zerg 

Build Orders: Hatch First 

Get SALT Encoding   

  12  0:01  Drone  
  13  0:08  Drone  
  14  0:17  Overlord  
  14  0:21  Extractor  
  14  0:23  Drone  
  15  0:35  Drone x2  
  17  0:53  Hatchery  
  17  0:55  Drone  
  17  0:58  Drone  
  17  1:03  Extractor  
  17  1:14  Spawning Pool  
  17  1:17  Drone  
  17  1:21  Drone  
  18  1:28  Drone  
  19  1:39  Overlord  
  19  2:00  Queen  
  21  2:01  Zergling x4  
  21  2:03  Metabolic Boost  
  21  2:05  Zergling x2  
  24  2:09  Queen  
  24  2:12  Zergling x2  
  27  2:19  Spine Crawler  
  26  2:24  Zergling x4  
  28  2:31  Zergling x2  
  29  2:39  Queen  
  29  2:41  Zergling x2  
  28  2:45  Zergling x2  
  28  2:46  Zergling x2  
  28  2:53  Zergling x4  
  27  3:04  Zergling x2  
  27  3:05  Zergling x2  
  25  3:13  Zergling x6  
  20  3:25  Zergling x2  
  20  3:29  Zergling x2  
  20  3:31  Zergling x2  
  21  3:39  Zergling x2  
  22  3:43  Zergling x2  
  22  3:47  Zergling x2  
  21  3:54  Zergling x2  
  19  4:05  Zergling x2  
  19  4:08  Zergling x4  
  20  4:13  Zergling x2  
  19  4:25  Zergling x2  
  19  4:26  Zergling x2  
  17  4:35  Zergling x6  
  19  4:45  Zergling x4  
  19  4:50  Zergling x2  
  18  5:01  Zergling x4  
Tags
 
Add a new tag
Caveats
  • Supply blocks, unpowered buildings, or Contaminate may cause inaccurate times.
  • Supply counts are checked every 10 seconds.